 Dungeon Crawl Stone Soup version 0.18-a0-1577-gf591c28 (webtiles) character file.

7010 M4edhros the Covert (level 11, -15/56 HPs)
             Began as an Octopode Artificer on Mar 20, 2016.
             Demolished by an orc warrior
             ... wielding a +0 battleaxe
              (18 damage)
             ... on level 7 of the Dungeon.
             The game lasted 00:34:38 (13846 turns).

M4edhros the Covert (Octopode Artificer)           Turns: 13846, Time: 00:34:39

Health: -15/56     AC:  6    Str:  9 (10) XL:     11   Next: 8%
Magic:  13/13      EV: 20    Int: 14 (15) God:    Xom [.*....]
Gold:   0          SH:  0    Dex: 18      Spells: 3 memorised, 2 levels left

rFire  . . .     SeeInvis .     R - +2 flail (protect)
rCold  + . .     Gourm    .     (no shield)
rNeg   . . .     Faith    .     (helmet restricted)
rPois  .         Spirit   .     O - amulet of magic regeneration
rElec  .         Dismiss  .     U - ring of protection from magic
rCorr  +         Reflect  .     b - ring of resist corrosion
SustAt .         Harm     .     (no ring)
MR     +....     Clarity  +     (no ring)
Stlth  +++++++...               (no ring)
                                (no ring)
                                (no ring)
                                (no ring)

@: slowed, very slow, somewhat resistant to hostile enchantments, extremely
stealthy
A: almost no armour, amphibious, 8 rings, constrict 8, beak, camouflage 1, agile
1, blurry vision 1, clarity, cold resistance 1, deterioration 1, frail 1,
gelatinous body 1, no device heal 1
a: Renounce Religion


You were on level 7 of the Dungeon.
You worshipped Xom.
You were a plaything of Xom.
You were hungry.

You visited 2 branches of the dungeon, and saw 10 of its levels.
You also visited: Sewer.

Inventory:

Hand Weapons
 o - a +0 hunting sling
 R - a +2 flail of protection (weapon)
 X - a +0 blowgun
Missiles
 e - 131 stones
 g - 8 steel javelins (quivered)
 n - 16 sling bullets of flame
 W - 13 steel sling bullets
 Y - 19 poisoned needles
Jewellery
 b - a ring of resist corrosion (right tentacle)
 O - an amulet of magic regeneration (around mantle)
 U - a ring of protection from magic (left tentacle)
Wands
 c - a wand of enslavement (8/24)
 i - a wand of iceblast (4/15)
 x - a wand of digging (20/24)
 y - a wand of random effects (12/48)
 G - a wand of polymorph (6/24)
 J - a wand of flame (0/48)
 M - a wand of digging (12/24)
 S - a wand of lightning (2/15)
Scrolls
 d - a scroll of enchant armour
 j - 3 scrolls of blinking {unknown}
 m - a scroll of enchant weapon {unknown}
 p - 5 scrolls of recharging
 r - 2 scrolls of fog {unknown}
 t - 3 scrolls of random uselessness {unknown}
 H - 3 scrolls of magic mapping {unknown}
 K - a scroll of teleportation {unknown}
 L - 3 scrolls of fear
Potions
 a - a potion of brilliance
 C - 4 potions of curing
 E - a potion of might
Books
 h - a book of Minor Magic

   Spells                             Type                      Level
   a - Magic Dart                     Conjuration                  1
   b - Blink                          Translocation                2
   c - Call Imp                       Summoning                    2
   d - Repel Missiles                 Charms/Air                   2
   e - Slow                           Hexes                        2
   f - Conjure Flame                  Conjuration/Fire             3
   g - Mephitic Cloud                 Conjuration/Poison/Air       3
 Q - a book of the Warp

   Spells                             Type                      Level
   a - Recall                         Summoning/Translocation      3
   b - Gell's Gravitas                Hexes/Translocation          3
   c - Force Lance                    Conjuration/Translocation    4
   d - Warp Weapon                    Charms/Translocation         5
   e - Summon Forest                  Summoning/Translocation      5
 Z - a book of the Sky

   Spells                             Type                      Level
   a - Summon Lightning Spire         Summoning/Air                4
   b - Airstrike                      Air                          4
   c - Silence                        Hexes/Air                    5
   d - Deflect Missiles               Charms/Air                   6
   e - Conjure Ball Lightning         Conjuration/Air              6
   f - Tornado                        Air                          9
Comestibles
 f - 10 bread rations
 k - 7 meat rations
 u - 22 fruits
 B - 10 slices of pizza
 N - 4 beef jerkies


   Skills:
 - Level 1.0 Fighting
   Level 1.0 Short Blades
 - Level 7.2 Slings
 - Level 10.1 Dodging
 - Level 11.9 Stealth
 + Level 2.2 Conjurations
 + Level 6.9 Translocations
 - Level 3.2 Evocations


You had 2 spell levels left.
You knew the following spells:

 Your Spells              Type           Power        Failure   Level  Hunger
a - Gell's Gravitas       Hex/Tloc       #.........   24%         3    ####...
b - Mephitic Cloud        Conj/Pois/Air  #.......     73%         3    ####...
c - Repel Missiles        Chrm/Air       #.....       43%         2    ###....


Dungeon Overview and Level Annotations

Branches:
Dungeon (9/15)             Temple (1/1) D:6
   Lair: D:8-11         Orc: D:9-12

Altars:
Ashenzari
Cheibriados
Dithmenos
Elyvilon
Fedhas
Gozag
Kikubaaqudgha
Makhleb
Nemelex Xobeh
Okawaru
Pakellas
Qazlal
Ru
Sif Muna
Trog
Vehumet
Xom
Yredelemnul
Zin
The Shining One


Innate Abilities, Weirdness & Mutations

You cannot wear most types of armour.
You are amphibious.
You can wear up to eight rings at the same time.
You can use your tentacles to constrict eight enemies at once.
Your skin changes colour to match your surroundings (Stealth).
Your rubbery body absorbs attacks (AC +1).
You have a beak for a mouth.
You are agile. (Dex +2)
Scrolls take you a little longer to read.
You possess an exceptional clarity of mind.
Your flesh is cold resistant.
Your body sometimes deteriorates upon taking damage.
You are frail (-10% HP).
Potions and wands are less effective at restoring your health.


Message History

You grab the orc warrior.
You peck the orc warrior, but do no damage.
You squeeze the orc warrior.
The orc warrior is moderately wounded.
You constrict the orc warrior, but do no damage.
The orc warrior hits you with a battleaxe!
* * * LOW HITPOINT WARNING * * *
Drink which item? (? for menu, Esc to quit)
You feel much better.
You constrict the orc warrior, but do no damage.
The orc warrior hits you with a battleaxe!!
* * * LOW HITPOINT WARNING * * *
Xom roars with laughter!
Unknown command.
Read which item? (? for menu, Esc to quit)
Really read with blurry vision while enemies are nearby?
You constrict the orc warrior, but do no damage.
The orc warrior hits you with a battleaxe!!
You die...
Xom is highly amused!

# ##.....#.....#.?...#.....#....
# ##.......#.....#.)...#.....#.
### ##......#.###.#.###.#.###.#.
..######.....#..)..#.....#.....#.
........#.......#.....#.....#....
........##......#.###.#.###.#.###
........###.....#.....#.....#....
........# ##...o.................
........#####...@................
........##.......................
##########....###################
# ####....### #.. # #..'....'.#
#.. ##### #.##....#.# #.. ....#
#.##....#.# #.. ....# #.##....#.#
### ### ....# #.#######.#
#.########


You could see an orc warrior.

Vanquished Creatures
  Erolcha (D:8)
  An ugly thing (D:7)
  The ghost of M4edhros the Covert, a novice OpAr of Xom (D:6)
  A blink frog (D:8)
  Prince Ribbit (D:8)
  Sigmund (D:2)
  A yak (D:8)
  A human (D:8)
  Menkaure (D:5)
  Edmund (D:5)
  A water moccasin (D:7)
  3 sky beasts
  An ice beast (D:7)
  2 orc warriors
  3 black bears
  2 phantoms
  4 ogres
  A centaur (D:7)
  A crocodile (D:7)
  9 big kobolds
  7 giant frogs
  2 scorpions
  3 killer bees (D:7)
  A howler monkey (D:8)
  5 crimson imps
  A giant frog zombie (D:6)
  A giant frog skeleton (D:7)
  5 hounds
  A jelly (D:5)
  3 orc priests
  A centaur skeleton (D:7)
  Jessica (D:3)
  3 iguanas
  8 orc wizards
  A worker ant (D:7)
  A killer bee zombie (D:7)
  3 sheep (D:8)
  4 gnolls
  8 adders
  8 river rats
  7 shadow imps
  3 oozes
  A worm (D:2)
  4 dart slugs
  10 giant geckos
  28 orcs
  4 ball pythons
  8 giant cockroaches
  7 goblins
  5 hobgoblins
  10 jackals
  3 quokkas
  7 bats
  A giant gecko skeleton (D:4)
  6 giant newts
  36 kobolds
  21 rats
265 creatures vanquished.

Vanquished Creatures (collateral kills)
  A two-headed ogre (D:8)
  A black bear (D:8)
2 creatures vanquished.

Vanquished Creatures (others)
  A wyvern (D:5)
  An ogre (D:7)
  A hound (D:8)
  An adder zombie (D:5)
  An orc (D:5)
  A plant (D:8)
6 creatures vanquished.

Grand Total: 273 creatures vanquished

Notes
Turn   | Place    | Note
--------------------------------------------------------------
     0 | D:1      | M4edhros the Octopode Artificer began the quest for the Orb.
     0 | D:1      | Reached XP level 1. HP: 13/13 MP: 3/3
    15 | D:1      | Reached skill level 2 in Stealth
    37 | D:1      | Reached XP level 2. HP: 1/18 MP: 4/4
   838 | D:1      | Reached skill level 3 in Stealth
   838 | D:1      | Reached XP level 3. HP: 16/23 MP: 5/5
  1721 | D:2      | Reached skill level 4 in Stealth
  1971 | D:2      | Reached XP level 4. HP: 28/28 MP: 6/6
  1979 | D:2      | Noticed Sigmund
  1983 | D:2      | Killed Sigmund
  1983 | D:2      | Reached skill level 5 in Stealth
  1983 | D:2      | Reached XP level 5. HP: 21/33 MP: 7/7
  2168 | D:2      | Found a deep blue altar of Sif Muna.
  2317 | D:3      | Reached XP level 6. HP: 31/38 MP: 8/8
  2436 | D:3      | Noticed Jessica
  2446 | D:3      | Killed Jessica
  2991 | D:4      | Reached skill level 6 in Stealth
  3055 | D:4      | Found a glowing drain.
  3062 | Sewer    | Entered a sewer
  3717 | Sewer    | Reached skill level 7 in Stealth
  3717 | Sewer    | Reached XP level 7. HP: 10/43 MP: 9/9
  5005 | D:5      | Entered Level 5 of the Dungeon
  5028 | D:5      | Reached skill level 8 in Stealth
  5484 | D:5      | Noticed Edmund
  5491 | D:5      | You fall through a shaft for 3 floors!
  5491 | D:8      | Noticed Prince Ribbit
  5504 | D:8      | Reached XP level 8. HP: 27/48 MP: 10/10
  5529 | D:7      | Reached skill level 5 in Slings
  5537 | D:7      | Gained mutation: Your natural rate of healing is unusually fast. [mutagenic meat]
  5538 | D:7      | Gained mutation: You have a pair of small antennae on your head. [mutagenic meat]
  5539 | D:7      | Gained mutation: You are partially covered in large bone plates (AC +2, SH +2). [mutagenic meat]
  5540 | D:7      | Gained mutation: Your mind is acute. (Int +2) [mutagenic meat]
  5541 | D:7      | Gained mutation: You are covered in fur (AC +1). [mutagenic meat]
  5542 | D:7      | Gained mutation: You possess an exceptional clarity of mind. [mutagenic meat]
  5544 | D:7      | Noticed a brown ugly thing
  5575 | D:7      | Reached skill level 5 in Dodging
  5575 | D:7      | Reached skill level 9 in Stealth
  5690 | D:7      | Learned a level 3 spell: Gell's Gravitas
  6094 | D:6      | Reached skill level 10 in Stealth
  6164 | D:5      | Killed Edmund
  6164 | D:5      | Reached XP level 9. HP: 26/53 MP: 11/11
  6314 | D:5      | Noticed Menkaure
  6330 | D:5      | Killed Menkaure
  6555 | D:5      | Found an oddly glowing altar of Pakellas.
  6555 | D:5      | Noticed an orange crystal statue
  7062 | D:6      | Found a shattered altar of Ashenzari.
  7225 | D:6      | Reached skill level 11 in Stealth
  7330 | D:6      | You fall through a shaft for 2 floors!
  7444 | D:6      | Found a staircase to the Ecumenical Temple.
  7523 | Temple   | Entered the Ecumenical Temple
  7567 | Temple   | Lost mutation: Your mind is acute. (Int +2) [potion of cure mutation]
  7567 | Temple   | Lost mutation: You are covered in fur (AC +1). [potion of cure mutation]
  7567 | Temple   | Lost mutation: You have a pair of small antennae on your head. [potion of cure mutation]
  7567 | Temple   | Lost mutation: You are partially covered in large bone plates (AC +2, SH +2). [potion of cure mutation]
  7567 | Temple   | Lost mutation: Your natural rate of healing is unusually fast. [potion of cure mutation]
  7717 | D:6      | Noticed M4edhros's ghost (novice OpAr)
  7971 | D:6      | Killed M4edhros's ghost
  8134 | D:7      | Found a shadowy altar of Dithmenos.
  8865 | D:7      | Reached XP level 10. HP: 24/58 MP: 12/12
  9707 | D:7      | Killed a brown ugly thing
  9774 | D:7      | Gained mutation: Potions and wands are less effective at restoring your health. [mutagenic meat]
  9775 | D:7      | Gained mutation: You have a beak for a mouth. [mutagenic meat]
  9776 | D:7      | Gained mutation: You are frail (-10% HP). [mutagenic meat]
  9777 | D:7      | Gained mutation: You are agile. (Dex +2) [mutagenic meat]
  9919 | D:7      | Found an ancient bone altar of Kikubaaqudgha.
  9920 | D:7      | Found a sparkling altar of Nemelex Xobeh.
  9922 | D:7      | Found a shimmering altar of Xom.
  9926 | D:7      | Found an oddly glowing altar of Pakellas.
  9932 | D:7      | Became a worshipper of Xom of Unknown Intention
  9938 | D:7      | Found a basalt altar of Yredelemnul.
 10656 | D:7      | XOM: harmless Air miscast
 10663 | D:7      | XOM: silly message
 10826 | D:8      | XOM: butterfly on damage
 10831 | D:8      | Killed Prince Ribbit
 10831 | D:8      | Reached skill level 10 in Dodging
 10972 | D:8      | XOM: confuse monster(s)
 10978 | D:8      | Reached skill level 1 in Translocations
 11120 | D:8      | Noticed Erolcha
 11122 | D:8      | XOM: divination: detect items
 11126 | D:8      | Killed Erolcha
 11297 | D:8      | XOM: silly message
 11343 | D:8      | XOM: potion effect (brilliance)
 11346 | D:8      | Reached skill level 5 in Translocations
 11472 | D:8      | Noticed Maurice
 11502 | D:8      | XOM: harmless Summ miscast
 11948 | D:8      | XOM: noise
 12038 | D:8      | XOM: mild Erth miscast
 12089 | D:8      | XOM: 1-stop teleportation journey
 12109 | D:8      | XOM: chaos upgrade
 12387 | D:8      | Learned a level 3 spell: Mephitic Cloud
 12390 | D:8      | Learned a level 2 spell: Repel Missiles
 12426 | D:9      | Reached XP level 11. HP: 44/56 MP: 13/13
 12485 | D:8      | XOM: god gift: meat ration
 12494 | D:8      | XOM: enchant monster (bad)
 12531 | D:8      | Noticed Maurice
 12531 | D:8      | Maurice changed into Maurice the blink frog
 12534 | D:8      | Killed Maurice the blink frog
 12534 | D:8      | Reached skill level 1 in Conjurations
 12579 | D:8      | XOM: mild Tloc miscast
 12609 | D:8      | XOM: enchant monster (good)
 12690 | D:7      | XOM: summons 2 hostile shadow creatures
 12841 | Temple   | XOM: god gift: glowing gold wand {god gift}
 12938 | D:8      | XOM: give mutations
 12938 | D:8      | Gained mutation: You are occasionally teleported next to monsters. [Xom's mischief]
 12938 | D:8      | Gained mutation: Scrolls take you a little longer to read. [Xom's mischief]
 12938 | D:8      | Gained mutation: Your body sometimes deteriorates upon taking damage. [Xom's mischief]
 13021 | D:8      | XOM: give mutations
 13021 | D:8      | Lost mutation: You are occasionally teleported next to monsters. [Xom's mischief]
 13021 | D:8      | Gained mutation: Your flesh is cold resistant. [Xom's mischief]
 13046 | D:8      | XOM: confuse monster(s)
 13081 | D:8      | XOM: noise
 13093 | D:8      | XOM: cast spell 'Monstrous Menagerie'
 13175 | D:8      | XOM: divination: detect creatures
 13311 | D:8      | XOM: noise
 13377 | D:8      | XOM: blink monster(s)
 13688 | D:8      | XOM: potion effect (curing)
 13710 | D:7      | XOM: cast spell 'Leda's Liquefaction'
 13781 | D:7      | XOM: blink monster(s)
 13839 | D:7      | XOM: medium Chrm miscast
 13846 | D:7      | Demolished by an orc warrior

Vault maps used:
D:1:      ncdulo_wetmaze
D:2:      led_sif_pool, first_bread, dk_vineyard_2, corexii_shack,
          kennysheep_cross_room, minmay_misc_feat_encased, minmay_cupped,
          uniq_sigmund
D:3:      uniq_jessica
D:4:      gup_sewer_entry_bubbles
D:5:      gammafunk_pakellas_statue_experiment, uniq_menkaure, uniq_edmund
D:6:      kennysheep_mini_moat, lemuel_temple_firewalk_marked,
          minmay_misc_feat_room
D:7:      hangedman_cross_stitches, nicolae_dithmenos_the_darkroom, minitemple
D:8:      nicolae_zen_rock_garden, grunt_livestock, grunt_decor_one_mirror,
          uniq_prince_ribbit1, uniq_erolcha, uniq_maurice
D:9:      erik_orc_1, serial_shops, nicolae_shop_temple_entry_statues_fountains,
          fountainhead
Temple:   eino_temple_water_12
Sewer:    sewer_minmay_treatment

Skill      XL: |  1  2  3  4  5  6  7  8  9 10 11 |
---------------+----------------------------------+-----
Stealth        | 2 3 4 5 7 8 10 11 | 11.9
Slings         | 2 3 4 6 7 |  7.2
Dodging        | 3 4 5 8 10 | 10.1
Translocations | 6 |  6.9
Conjurations   | 2 |  2.2
Fighting       | |  1.0
Short Blades   | |  1.0
Evocations     | |  3.2

Action                   |  1- 3 |  4- 6 |  7- 9 | 10-12 || total
-------------------------+-------+-------+-------+-------++-------
Melee: Short sword       |    32 |       |     4 |       ||    36
       Long sword        |     3 |    97 |   108 |       ||   208
       Flail             |       |       |   185 |   201 ||   386
 Fire: Hunting sling     |    34 |     6 |    44 |    12 ||    96
       Blowgun           |       |       |     9 |       ||     9
Throw: Stone             |       |       |       |     1 ||     1
Evoke: Wand              |     1 |     5 |    23 |    32 ||    61
  Use: Scroll            |       |     8 |     5 |     2 ||    15
       Potion            |       |     1 |     9 |     5 ||    15
 Stab: Sleeping          |     4 |    16 |    26 |     4 ||    50
       Confused          |       |       |     2 |     1 ||     3
       Paralysed         |       |       |     4 |       ||     4
       Distracted        |       |       |       |     4 ||     4
       Invisible         |       |       |       |     3 ||     3
  Eat: Chunk             |     3 |     6 |    21 |    19 ||    49
       Pizza             |       |       |     1 |       ||     1
       Beef jerky        |       |       |       |     1 ||     1
